 Dungeon Crawl Stone Soup version 0.30.0-10-gfe55d96785 (webtiles) character file.

Game seed: 7645236233811618938

1393 sampeng1 the Trooper (level 9, -3/68 HPs)
             Began as a Human Berserker on May 12, 2023.
             Was a Believer of Trog.
             Slain by Pikel
             ... wielding a +0 whip of freezing
              (6 damage)
             ... on level 6 of the Dungeon on May 14, 2023.
             The game lasted 00:18:24 (5222 turns).

sampeng1 the Trooper (Human Berserker)              Turns: 5222, Time: 00:18:24

Health: -3/68      AC: 20    Str: 29    XL:     9   Next: 0%
Magic:  9/9        EV:  9    Int:  7    God:    Trog [**....]
Gold:   399        SH:  5    Dex: 12    Spells: 8/8 levels left

rFire   . . .        s - +3 hammer (protect)
rCold   . . .        v - +1 buckler
rNeg    . . .        z - +0 plate armour
rPois   +            (no helmet)
rElec   .            i - +0 cloak
rCorr   .            (no gloves)
SInv    .            (no boots)
Will    .....        (no amulet) Stlth
                     k - ring of poison resistance
HPRegen 0.31/turn    h - +6 ring of strength
MPRegen 0.11/turn

%: no passive effects
@: lethally poisoned (-3 -> -6), under a protective aura, on berserk cooldown,
slowed, very slow
A: no striking features
a: Renounce Religion, Berserk, Trog's Hand


You were on level 6 of the Dungeon.
You worshipped Trog.
Trog was pleased with you.
You visited 1 branch of the dungeon, and saw 6 of its levels.

You collected 399 gold pieces.

Inventory:

Hand Weapons
 a - a +0 hand axe
 s - a +3 hammer of protection (weapon)
Missiles
 c - 5 atropa-tipped darts (quivered)
 e - 4 boomerangs
Armour
 b - a +0 animal skin
 i - a +0 cloak (worn)
 v - a +1 buckler (worn)
 z - a +0 plate armour (worn)
Jewellery
 d - a ring of ice
 h - a +6 ring of strength (right hand)
 k - a ring of poison resistance (left hand)
 p - a +6 ring of intelligence
 w - a +5 ring of evasion
 C - a ring of willpower
Wands
 t - a wand of quicksilver (1)
 A - a wand of polymorph (9)
Scrolls
 g - 2 scrolls of poison {unknown}
 m - 4 scrolls of identify {unknown}
 q - a scroll of silence {unknown}
 r - 4 scrolls of teleportation
 y - a scroll of brand weapon {unknown}
Potions
 f - 2 potions of brilliance
 j - a potion of curing
 l - a potion of might
 n - 2 potions of degeneration
 o - a potion of invisibility
 u - a potion of heal wounds
 x - a potion of lignification {unknown}
 B - a potion of ambrosia {unknown}


   Skills:
 + Level 5.6 Fighting
 - Level 3.7(4.5) Axes
 + Level 3.9(4.6) Maces & Flails
 + Level 5.1 Armour
 + Level 5.0 Dodging
 + Level 3.8 Shields


You had 8 spell levels left.
You didn't know any spells.
Your spell library was empty.

Dungeon Overview and Level Annotations

Branches:
Dungeon (6/15)
 Temple: D:4-7

Altars:
Cheibriados
Dithmenos
Hepliaklqana
Okawaru
Ru
Trog
Vehumet
Xom
The Shining One

Annotations:
D:6 Pikel


Message History

The killer bee stings you but does no damage. x2
The killer bee barely misses you. The killer bee stings you.
* * * LOW HITPOINT WARNING * * *
The killer bee closely misses you. You block the killer bee's attack.
You block the adder's attack.
Pikel hits you with a +0 whip of freezing.
* * * LOW HITPOINT WARNING * * *
Pikel freezes you.
* * * LOW HITPOINT WARNING * * *
The killer bee closely misses you.
The killer bee stings you but does no damage.
You block the killer bee's attack. The adder bites you but does no damage.
You completely miss the killer bee. The killer bee closely misses you.
You block the killer bee's attack.
The killer bee stings you but does no damage.
The killer bee closely misses you. You block the killer bee's attack. x2
You block the adder's attack. Pikel hits you but does no damage.
The killer bee closely misses you.
The killer bee stings you but does no damage.
The killer bee stings you.
* * * LOW HITPOINT WARNING * * *
You are poisoned.
The killer bee poisons you! The adder bites you but does no damage.
Pikel closely misses you.
The killer bee stings you but does no damage.
The killer bee barely misses you. The killer bee completely misses you.
You hit Pikel.
Pikel is lightly wounded.
You feel very sick.
You block the killer bee's attack. x3; The adder bites you but does no damage.
The killer bee barely misses you. x2; The killer bee stings you.
* * * LOW HITPOINT WARNING * * *
Pikel hits you with a +0 whip of freezing.
* * * LOW HITPOINT WARNING * * *
Pikel freezes you.
* * * LOW HITPOINT WARNING * * *
The adder barely misses you. You block the killer bee's attack.
The killer bee stings you but does no damage. x2
Pikel hits you with a +0 whip of freezing.
You die...

.≈.#.≈_.≈≈.#)≈.#.....#..####....#
.≈.#.≈≈≈...#.≈.#.....#..# ##...#
.≈.#....####.≈.#.........# #...#
.≈.#####.. ..≈.#.......### #.⌠.#
.≈... ≈≈≈≈≈≈.#......## #....
.≈≈≈≈ ≈≈.......#....#... ###..
........#########5..#..# #..
###.. .........#yK5..[.# ###.. #
. .........#@S5.#.. #.....
#.......yyy..... #.<...
##...!.##y5..... #.....
##............. ####.. ..
#............. #.8 ... .####
##.....##..... #..
#.##.....###....## ..... ### ..#
#..........# ###^. .#
####.......# ###


You could see Pikel, 4 lemures, 5 killer bees and an adder.

Vanquished Creatures
  A water moccasin (D:4)
  An orc warrior (D:6)
  A black bear (D:5)
  An ogre (D:5)
  A centaur (D:6)
  2 bullfrogs (D:6)
  3 scorpions
  A killer bee (D:6)
  4 crimson imps (D:4)
  A jelly (D:6)
  Crazy Yiuf (D:2)
  A gnoll bouda (D:5)
  Jessica (D:3)
  Natasha (thrice) (D:2)
  2 iguanas
  7 gnolls
  6 adders
  3 white imps (D:5)
  2 worms
  A dart slug (D:2)
  8 orcs
  11 bats
  5 endoplasms
  2 giant cockroaches
  3 goblins
  7 hobgoblins
  5 kobolds
  4 quokkas
  4 ball pythons
  2 frilled lizards
  3 rats
97 creatures vanquished.

Notes
Turn   | Place    | Note
-------+----------+-------------------------------------------
     0 | D:1      | sampeng1 the Human Berserker began the quest for the Orb.
     0 | D:1      | Reached XP level 1. HP: 18/18 MP: 1/1
   309 | D:1      | Reached XP level 2. HP: 24/24 MP: 2/2
   849 | D:2      | Reached XP level 3. HP: 6/29 MP: 3/3
   980 | D:2      | Noticed Natasha
   986 | D:2      | Killed Natasha
   987 | D:2      | Reached XP level 4. HP: 35/35 MP: 4/4
  1123 | D:2      | Found a faded altar of an unknown god.
  1247 | D:2      | Noticed Natasha
  1255 | D:2      | Killed Natasha
  1296 | D:2      | Found a runed translucent door.
  1297 | D:2      | Noticed Crazy Yiuf
  1311 | D:2      | Killed Crazy Yiuf
  1312 | D:2      | Reached XP level 5. HP: 4/42 MP: 5/5
  1530 | D:2      | Noticed Natasha
  1538 | D:2      | Killed Natasha
  1898 | D:3      | Reached ** piety under Trog
  1929 | D:3      | Reached skill level 1 in Maces & Flails
  1974 | D:3      | Noticed Jessica
  1976 | D:3      | Killed Jessica
  1977 | D:3      | Reached XP level 6. HP: 48/48 MP: 6/6
  2331 | D:3      | Gained mutation: You are frail. (-10% HP) [potion of
                  | mutation]
  2331 | D:3      | Lost mutation: You are frail. (-10% HP) [potion of
                  | mutation]
  2403 | D:4      | Found a shadowy altar of Dithmenos.
  2599 | D:4      | Found a shimmering altar of Xom.
  2977 | D:4      | Reached skill level 1 in Shields
  3101 | D:4      | Noticed a water moccasin
  3119 | D:4      | Killed a water moccasin
  3120 | D:4      | Reached XP level 7. HP: 14/55 MP: 7/7
  3301 | D:4      | Found a bloodstained altar of Trog.
  3443 | D:4      | Found an iron altar of Okawaru.
  3566 | D:4      | Found a radiant altar of Vehumet.
  3693 | D:5      | Entered Level 5 of the Dungeon
  3694 | D:5      | Upgraded the game from 0.30.0-5-g1a98f26d00 to
                  | 0.30.0-10-gfe55d96785
  3771 | D:5      | Identified the +6 dagger of the Magi {venom, Fragile rCorr
                  | Str+3}
  3976 | D:5      | Reached XP level 8. HP: 33/61 MP: 8/8
  4132 | D:5      | Found a hazy altar of Hepliaklqana.
  4233 | D:5      | Found a sacrificial altar of Ru.
  4413 | D:5      | Reached skill level 5 in Fighting
  4945 | D:6      | Found a snail-covered altar of Cheibriados.
  4946 | D:6      | Found a glowing golden altar of the Shining One.
  5166 | D:6      | Reached skill level 5 in Armour
  5203 | D:6      | Noticed Pikel
  5212 | D:6      | Reached skill level 5 in Dodging
  5218 | D:6      | Reached XP level 9. HP: 27/68 MP: 9/9
  5222 | D:6      | HP: 3/68 [Pikel/+0 whip of freezing (1)]
  5222 | D:6      | Slain by Pikel

Illustrated notes

Levels and vault maps discovered:
D:1:      ebering_hopf_link, layout_basic, grunt_decor_mini_mirrors,
          minmay_misc_feat_cross, minmay_misc_feat_plants
D:2:      layout_basic, hellmonk_ecumenical_altar_arch_garden,
          hangedman_decor_peaks_small, uniq_crazy_yiuf_cottage, uniq_natasha
D:3:      layout_basic, hex_medium, minivault_5, hangedman_decor_opposing,
          kennysheep_jessica_study
D:4:      layout_basic, okawaru_gym_becter, kennysheep_little_box, led_xom_imps,
          mainiacjoe_overflow_concentric_impassable,
          mainiacjoe_overflow_small_starburst
D:5:      minmay_angry_zag, layout_basic, nicolae_ru_path_of_blood,
          kennysheep_mini_moat, chequers_serial_rivers_micro_d
D:6:      layout_cave_pools, nicolae_overflow_squiral,
          nicolae_elevator_lobby_asterisk, uniq_pikel

Skill      XL: |  1  2  3  4  5  6  7  8 |
---------------+-------------------------+-----
Armour         | 3 4 5 |  5.1
Dodging        | 3 4 5 |  5.0
Maces & Flails | 1 2 3 |  3.9
Fighting       | 4 5 |  5.6
Shields        | 1 2 3 |  3.8
Axes           | |  3.7

Action                     |  1- 3 |  4- 6 |  7- 9 || total
---------------------------+-------+-------+-------++-------
  Melee: Hand axe          |    42 |    28 |       ||    70
         Mace              |       |   128 |   152 ||   280
 Invoke: Berserk           |     1 |     5 |     3 ||     9
    Use: Scroll            |       |     8 |       ||     8
         Potion            |       |     7 |       ||     7
 Armour: Animal skin       |    17 |       |       ||    17
         Chain mail        |     1 |   101 |    62 ||   164
         Plate armour      |       |       |    85 ||    85
  Dodge: Dodged            |    37 |    97 |   113 ||   247
  Block: Buckler           |       |    13 |    66 ||    79
